Map: Tours du crépuscule

Players

Einar - Winner!

  • Race: Protoss Protoss
  • League: Gold

pupu

  • Race: Protoss Protoss
  • League: Silver

VOD

Have the link to the VOD?

Description

Time

  • Played on: April 6, 2016, 11:02 a.m.
  • Length: 10:13
Show
View Real Time Build Order
Export as new Build Order

Einar Protoss - Winner!

Build Orders:  

Get SALT Encoding   

  12  0:01  Probe (Chrono Boost)  
  13  0:16  Pylon  
  13  0:18  Probe (Chrono Boost)  
  14  0:29  Probe (Chrono Boost)  
  15  0:36  Gateway  
  15  0:40  Probe (Chrono Boost)  
  16  0:50  Probe (Chrono Boost)  
  16  0:56  Pylon  
  17  1:01  Probe (Chrono Boost)  
  18  1:21  Assimilator  
  18  1:26  Assimilator  
  18  1:31  Cybernetics Core  
  18  1:51  Probe (Chrono Boost)  
  19  2:01  Gateway  
  19  2:02  Probe (Chrono Boost)  
  20  2:10  Stalker  
  20  2:13  Probe (Chrono Boost)  
  23  2:23  Probe (Chrono Boost), Warp Gate  
  24  2:40  Nexus  
  24  2:44  Stalker  
  26  2:54  Mothership Core (Chrono Boost)  
  28  3:03  Forge  
  28  3:06  Pylon  
  29  3:13  Probe (Chrono Boost)  
  29  3:19  Pylon  
  29  3:23  Probe (Chrono Boost)  
  29  3:24  Sentry x2  
  34  3:36  Probe (Chrono Boost)  
  35  3:46  Probe (Chrono Boost), Photon Cannon  
  36  3:52  Probe (Chrono Boost)  
  37  3:57  Probe (Chrono Boost)  
  38  4:03  Probe (Chrono Boost), Gateway  
  38  4:07  Probe (Chrono Boost)  
  40  4:13  Probe (Chrono Boost)  
  40  4:27  Robotics Facility  
  40  4:42  Stalker x2  
  44  4:46  Probe x2 (Chrono Boost)  
  46  4:54  Gateway  
  46  4:56  Gateway  
  46  4:57  Probe x2 (Chrono Boost)  
  48  5:07  Probe x2 (Chrono Boost)  
  48  5:10  Stalker x2  
  48  5:11  Stalker  
  56  5:21  Observer  
  57  5:22  Protoss Ground Weapons Level 1 (Chrono Boost)  
  57  5:30  Assimilator  
  57  5:31  Probe  
  57  5:33  Probe  
  57  5:34  Assimilator  
  59  5:40  Pylon  
  59  5:42  Probe  
  59  5:44  Pylon  
  59  5:45  Probe  
  61  5:52  Probe  
  62  5:57  Pylon  
  62  5:58  Probe, Immortal  
  62  6:02  Pylon  
  61  6:21  Stalker  
  61  6:22  Stalker  
  61  6:25  Stalker x2  
  69  6:37  Immortal (Chrono Boost)  
  73  6:57  Stalker x5  
  83  7:09  Protoss Ground Armor Level 1  
  87  7:23  Immortal (Chrono Boost)  
  87  7:26  Stalker  
  87  7:27  Stalker  
  87  7:28  Stalker  
  88  8:02  Nexus  
  88  8:04  Immortal (Chrono Boost)  
  88  8:05  Pylon  
  92  8:07  Pylon  
  92  8:10  Twilight Council  
  92  8:12  Pylon x2  
  92  8:18  Gateway  
  92  8:22  Probe, Gateway  
  92  8:23  Pylon  
  93  8:34  Probe  
  93  8:36  Photon Cannon  
  93  8:38  Observer (Chrono Boost)  
  93  8:40  Photon Cannon  
  95  8:56  Photon Cannon  
  95  9:02  Forge  
  95  9:05  Stalker x2, Pylon  
  95  9:06  Stalker x2  
  91  9:39  Stalker x4  
Show
View Real Time Build Order
Export as new Build Order

pupu Protoss 

Build Orders: 1 Gate Expand, Blink Stalkers 

Get SALT Encoding   

  12  0:01  Probe (Chrono Boost)  
  13  0:11  Probe (Chrono Boost)  
  14  0:18  Pylon  
  14  0:22  Probe (Chrono Boost)  
  15  0:36  Probe (Chrono Boost)  
  15  0:37  Gateway  
  16  0:47  Probe (Chrono Boost)  
  16  0:48  Assimilator  
  17  0:58  Probe (Chrono Boost)  
  18  1:10  Probe (Chrono Boost)  
  19  1:20  Probe (Chrono Boost)  
  20  1:31  Probe (Chrono Boost), Nexus  
  21  1:43  Probe (Chrono Boost)  
  22  1:48  Cybernetics Core  
  23  1:54  Probe (Chrono Boost)  
  23  1:55  Assimilator  
  23  2:15  Pylon  
  23  2:29  Gateway  
  23  2:32  Warp Gate (Chrono Boost), Pylon  
  23  2:33  Probe (Chrono Boost), Twilight Council  
  24  2:43  Probe  
  25  2:44  Probe  
  25  2:49  Assimilator  
  26  2:53  Probe  
  26  2:56  Probe  
  26  2:58  Sentry  
  30  3:04  Probe  
  30  3:14  Probe  
  30  3:15  Probe  
  32  3:22  Blink (Chrono Boost)  
  32  3:25  Stalker  
  32  3:26  Probe  
  35  3:27  Probe  
  36  3:36  Stalker  
  38  3:48  Gateway  
  38  3:49  Probe  
  38  3:50  Gateway  
  39  4:02  Probe x2  
  41  4:11  Pylon  
  41  4:14  Probe x2  
  43  4:17  Assimilator  
  43  4:18  Pylon  
  43  4:21  Pylon  
  43  4:25  Forge  
  43  4:32  Mothership Core  
  43  4:33  Probe, Pylon  
  46  4:44  Stalker  
  48  4:46  Probe, Sentry  
  48  4:51  Stalker  
  53  4:53  Probe  
  53  4:54  Stalker  
  53  4:57  Charge (Chrono Boost)  
  56  5:01  Protoss Ground Weapons Level 1 (Chrono Boost)  
  56  5:20  Stalker x2  
  60  5:22  Stalker  
  60  5:26  Stalker  
  64  5:45  Robotics Facility  
  64  5:46  Gateway  
  64  5:48  Probe  
  64  5:49  Probe  
  66  5:50  Gateway  
  66  6:00  Probe  
  66  6:01  Probe  
  64  6:30  Stalker x3  
  64  6:31  Stalker  
  72  6:36  Observer  
  73  6:42  Nexus  
  73  6:48  Probe x2  
  73  6:49  Pylon  
  73  6:50  Pylon  
  73  6:53  Pylon  
  75  6:55  Pylon  
  75  7:00  Probe x2  
  77  7:14  Stalker x5  
  77  7:15  Stalker  
  89  7:21  Probe x2  
  87  7:37  Pylon  
  79  8:01  Gateway  
  79  8:05  Zealot x6  
  85  8:06  Protoss Ground Armor Level 1 (Chrono Boost)  
  91  8:13  Immortal  
  91  8:19  Probe  
  97  8:20  Probe x2  
  98  8:28  Gateway  
  98  8:29  Probe  
  98  8:30  Gateway  
  98  8:32  Probe, Gateway  
  100  8:35  Assimilator, Gateway  
  100  8:42  Pylon  
  100  8:44  Pylon  
  100  8:50  Zealot x5  
  110  8:58  Probe  
  110  8:59  Probe x2  
  110  9:02  Immortal (Chrono Boost)  
  98  9:27  Stalker x3  
  98  9:28  Stalker x4  
  100  9:52  Stalker x7  
Tags
 
Add a new tag
Caveats
  • Supply blocks, unpowered buildings, or Contaminate may cause inaccurate times.
  • Supply counts are checked every 10 seconds.